[Event "Early-Titled-Tuesday-Blitz-September-12-2023"]
[Site "Chess.com"]
[Date "2023.09.12"]
[Round "1"]
[White "Ermito2020"]
[Black "Ishowmoves57"]
[Result "1-0"]
[WhiteElo "2554"]
[BlackElo "2108"]
[TimeControl "180+1"]
[EndTime "8:08:57 PDT"]
[Termination "Ermito2020 won on time"]

1. e4 c5 2. Nf3 Nc6 3. Bb5 g6 4. Bxc6 dxc6 5. h3 Bg7 6. O-O Qc7 7. d3 b6 8. Nc3 e5 9. a4 a5 10. Nd2 Nf6 11. Nc4 Ba6 12. f4 Bxc4 13. dxc4 O-O 14. f5 Rad8 15. Qe2 Nh5 16. Qf2 Rd7 17. Bg5 f6 18. Be3 g5 19. g3 Bh8 20. Qf3 Ng7 21. h4 h6 22. hxg5 hxg5 23. Kg2 Ne8 24. Rh1 Rff7 25. Qh5 Bg7 26. Qg6 Kf8 27. Rh7 Ke7 28.
Bxg5 fxg5 29. f6+ Rxf6 30. Rxg7+ Nxg7 31. Qxg7+ Rf7 32. Qxg5+ Ke8 33. Rh1 Rf8 34. Rh6 Rdf7 35. Re6+ Re7 36. Qg4 Rxe6 37. Qxe6+ Kd8 38. g4 Qf7 39. Qd6+ Ke8 40. Qxc6+ Ke7 41. Nd5+ Kd8 42.
Qxb6+ Kc8 43. Qxc5+ Kb8 44. Qb6+ Kc8 45. Qc5+ Kb8 46.
Qb5+ Kc8 47. Qa6+ Kb8 48. Qd6+ Kc8 49. Ne7+ Kb7 50. Nf5 Rg8 51. Kg3 Rh8 52. Qxe5 Qh7 53. Qb5+ Kc8 54. Qc6+ Kd8 55. Qd6+ Kc8 56. Ne7+ Kb7 57.
Qc6+ Ka7 58. Qc7+ Ka6 59. Qc6+ Ka7 60. Qc5+ Ka6 61. Qb5+ Ka7 62. Qxa5+ Kb8 63. Qb5+ Kc7 64. Qc6+ Kd8 65. Qd6+ Ke8 66. Kf3 Qh1+ 67. Ke3 Qe1+ 68.
Kd4 Qd2+ 69. Kc5 Qa5+ 70. Kc6 Qa6+ 71. Kc7 Qa7+ 72. Kc6 Qa6+ 73. Kd5 1-0

[Event "Early-Titled-Tuesday-Blitz-September-12-2023"]
[Site "Chess.com"]
[Date "2023.09.12"]
[Round "1"]
[White "ljm509"]
[Black "MKlose11"]
[Result "1-0"]
[WhiteElo "2354"]
[BlackElo "2622"]
[TimeControl "180+1"]
[EndTime "8:09:00 PDT"]
[Termination "ljm509 won by checkmate"]

1. e4 e6 2. d4 d5 3. Nc3 Bb4 4. exd5 exd5 5. Nf3 Nc6 6. Bb5 Ne7 7.
O-O O-O 8. h3 Bf5 9. Ne2 Bd6 10. c3 h6 11. Bd3 Qd7 12. Bf4 Rae8 13. Qd2 Na5 14. b3 Nac6 15. Rfe1 Nd8 16. Ne5 Bxe5 17.
Bxe5 f6 18. Bf4 Ne6 19. Ng3 Nxf4 20. Bxf5 Nxf5 21. Qxf4 Nd6 22. Qf3 c6 23. Kf1 a5 24.
Rxe8 Rxe8 25. Re1 Rxe1+ 26. Kxe1 a4 27. Nh5 Qe6+ 28. Kd1 axb3 29. axb3 Ne4 30. Kc2 Qe7 31. Qf5 Qa3 32. Qc8+ Kh7 33. Qf5+ Kg8 34. Qc8+ Kf7 35.
Qd7+ Kf8 36. Qd8+ Kf7 37. Qd7+ Qe7 38. Qxe7+ Kxe7 39. f3 Ng3 40. Nxg3 Ke6 41. Kd3 g6 42. f4 Kd6 43. f5 g5 44. Nh5 Ke7 45. g4 b6 46. Kc2 Kf7 47. Kb2 Ke7 48. Ka3 Kf7 49.
Kb4 Ke7 50. c4 dxc4 51. bxc4 Kf7 52. d5 cxd5 53. cxd5 Ke7 54. Kb5 Kd6 55. Nxf6 Ke5 56. Nd7+ Kxd5 57. Nxb6+ Ke5 58. Nc4+ Kf6 59. Kc5 h5 60.
Kd5 hxg4 61. hxg4 Kg7 62. Ke5 Kf7 63. Ne3 Kg7 64. Nd1 Kh6 65. Nf2 Kg7 66. Ne4 Kf7 67.
Nxg5+ Kg7 68. Ne4 Kh6 69. g5+ Kh7 70. g6+ Kh8 71. Ke6 Kg8 72. f6 Kh8 73. Ke7 Kg8 74.
f7+ Kh8 75. f8=Q# 1-0

[Event "Early-Titled-Tuesday-Blitz-September-12-2023"]
[Site "Chess.com"]
[Date "2023.09.12"]
[Round "1"]
[White "jup1978"]
[Black "RobertoJBM"]
[Result "0-1"]
[WhiteElo "2467"]
[BlackElo "2827"]
[TimeControl "180+1"]
[EndTime "8:09:02 PDT"]
[Termination "RobertoJBM won on time"]

1. d4 d5 2. c4 c6 3. Nf3 Nf6 4. cxd5 cxd5 5. Nc3 Nc6 6. Bf4 Qb6 7. Qb3 Qxb3 8.
axb3 e6 9. e3 Bb4 10. Bd3 Ke7 11. Ke2 Bd7 12. h3 Bd6 13. Bxd6+ Kxd6 14. Rhc1 Rhc8 15.
Bb5 Nd8 16. Bxd7 Kxd7 17. Ne5+ Ke7 18. Nb5 a6 19. Nc3 Ne8 20. Na4 Rxc1 21. Rxc1 f6 22. Nb6 Rb8 23. Nd3 Nc6 24. f3 Kd6 25. Nc5 Nc7 26. Kd3 Nb5 27. Rc2 Nb4+ 28. Kd2 Nxc2 29.
Kxc2 e5 30. Kd3 exd4 31. exd4 Na7 32. b4 Nc6 33. Kc3 Kc7 34. Nxd5+ Kd6 35. Ne3 g6 36.
Nc4+ Ke7 37. d5 Ne5 38. d6+ Kf7 39. Nb6 Rd8 40. d7 Ke7 41. Nd5+ Kf7 42. Nb6 Rb8 43. Kd4 Ke7 44. Nd5+ Kd6 45. Nxf6 Nc6+ 46. Kc4 b6 47.
Nfe4+ Ke7 48. Nxa6 Ra8 49. Kb5 Nd4+ 50. Kxb6 Kxd7 51. Nac5+ Ke7 52. b5 Rb8+ 53. Kc7 Rxb5 54. Nd3 Ne6+ 55. Kc6 Rb3 56. Nef2 h5 57. Kd5 Rb8 58. Kc4 Rc8+ 59. Kd5 Rd8+ 60. Ke4 Rd4+ 61. Ke3 Rd8 62. b4 Rb8 63. Ne4 Nc7 64. Nc3 Ke6 65. Na4 Nd5+ 66. Kd4 Nxb4 67. Nac5+ Ke7 68.
Ne5 Rg8 69. Kc4 Nc2 70. Ne4 Ne3+ 71. Kd4 Nxg2 72. Nc3 Nf4 73. h4 Ke6 74. Nc6 Ng2 75. Ne4 Nxh4 76. Ng5+ Kd6 77. Ne5 Nf5+ 78. Ke4 Ke7 79.
Nxg6+ Kf6 0-1

[Event "Early-Titled-Tuesday-Blitz-September-12-2023"]
[Site "Chess.com"]
[Date "2023.09.12"]
[Round "1"]
[White "Shield12"]
[Black "HalfIsCrayfish"]
[Result "1/2-1/2"]
[WhiteElo "2964"]
[BlackElo "2525"]
[TimeControl "180+1"]
[EndTime "8:09:09 PDT"]
[Termination "Game drawn by repetition"]

1. e4 c6 2. Nc3 d5 3. Nf3 dxe4 4. Nxe4 Nf6 5. Qe2 Nxe4 6. Qxe4 Nd7 7. Bc4 Nf6 8. Ne5 e6 9. Qe2 b5 10. Bd3 Qc7 11.
a4 b4 12. b3 Bd6 13. Bb2 Bb7 14.
O-O-O O-O-O 15. Rhe1 Nd5 16. g3 f6 17. Nc4 e5 18.
Be4 Kb8 19. d4 exd4 20. Rxd4 Bc5 21. Rd3 Rhe8 22. Qd2 Qe7 23. f3 Ka8 24. Na5 f5 25. Re2 fxe4 26. Rxe4 Qd7 27. Kb1 Qc7 28. Nc4 Nc3+ 29.
Bxc3 bxc3 30. Qxc3 Rxe4 31. fxe4 Rxd3 32. Qxd3 Ba6 33.
Qc3 Bxc4 34. Qxc4 Qe7 35. Qg8+ Kb7 36. Qxh7 Bd4 37. Qf5 Bf6 38. Ka2 Qd6 39. Qf1 Qd4 40.
Qc1 Qc3 41. g4 Qe5 42. h3 Qxe4 43.
g5 Be5 44. Qd2 Qd4 45. Qxd4 Bxd4 46. b4 Be3 47. h4 Bf2 48. h5 Be3 49. g6 Kb6 50.
Kb3 Bg5 51. Kc4 Bf6 52. a5+ Kb7 53. Kc5 Kc7 54. c4 Bg5 55. Kd4 a6 56. Ke5 Kd7 57. Kf5 Bh6 58. Ke5 Bc1 59. Kd4 Kd6 60. Ke4 Bb2 61. Kf5 Bc3 62. Ke4 Ke6 63. b5 cxb5 64.
cxb5 Bxa5 65. bxa6 Bb6 66. Kf4 Kf6 67. Kg4 Ba7 68. Kf4 Bb6 69. Kg4 Ba7 70. Kf4 Bg1 71. Kg4 Be3 72. Kf3 Bc5 73. Kf4 Ba7 74. Kg4 Bb6 75.
Kf4 Bc5 76. Kg4 Ke6 77. Kg5 Be3+ 78. Kg4 Kf6 79. Kf3 Ba7 80. Kf4 1/2-1/2

[Event "Early-Titled-Tuesday-Blitz-September-12-2023"]
[Site "Chess.com"]
[Date "2023.09.12"]
[Round "1"]
[White "Kirill_Klukin"]
[Black "brunoo2003"]
[Result "0-1"]
[WhiteElo "2761"]
[BlackElo "2466"]
[TimeControl "180+1"]
[EndTime "8:09:24 PDT"]
[Termination "brunoo2003 won on time"]

1. d4 Nf6 2. c4 g6 3. Nc3 Bg7 4. e4 O-O 5. h3 d6 6. Be3 c5 7. Nf3 cxd4 8. Nxd4 Nc6 9. Be2 Bd7 10. Nc2 a5 11.
O-O Nb4 12. Nd4 a4 13. a3 Nc6 14. Ndb5 Qa5 15. Bd2 Rfc8 16. Rc1 Ne5 17. Nd5 Qd8 18. Nxf6+ Bxf6 19. Bc3 Bxb5 20. cxb5 Nd7 21. Bxf6 Nxf6 22. Qd4 Nd7 23. Bg4 Rxc1 24. Rxc1 Nc5 25. Rd1 Qb6 26. Be2 Nd7 27. Qc3 Qc5 28. Qd2 Rc8 29. Bg4 Qxb5 30.
Bxd7 Qxd7 31. e5 Rc6 32. Qb4 Qc7 33. exd6 Rxd6 34. Qxa4 Rxd1+ 35. Qxd1 h5 36. h4 Qe5 37. Qd2 Qe4 38. g3 Kg7 39. Qc3+ e5 40. Kh2 Qe2 41.
Kg2 Kf6 42. b4 Ke6 43. a4 Qe4+ 44. Kh2 Qe2 45. Qc5 Qd3 46. a5 Qd6 47. Qc3 Qd5 48.
Qe3 Kd7 49. Qb6 Qc6 50. Qe3 Qd5 51. Qa7 Kc6 52. Kg1 Qd1+ 53. Kg2 Qd5+ 54. Kh2 Kb5 55. Qb6+ Ka4 56. Kg1 Qb5 57. Qc7 Qxb4 58. Qxe5 Qxa5 59. Qe8+ Qb5 60. Qxf7 Qb1+ 61. Kh2 b5 62. Qa7+ Kb3 63. Qe3+ Ka2 64. Qd2+ Qb2 65. Qd5+ Qb3 66. Qd2+ Kb1 67. Qe1+ Kb2 68. Qd2+ Qc2 69. Qd4+ Kc1 70. Qe3+ Kd1 71. Qd4+ Ke1 72. Kg2 Qc6+ 73. f3 Qc2+ 74. Kh3 Kf1 0-1

[Event "Early-Titled-Tuesday-Blitz-September-12-2023"]
[Site "Chess.com"]
[Date "2023.09.12"]
[Round "1"]
[White "Aash20"]
[Black "amintabatabaei"]
[Result "0-1"]
[WhiteElo "2527"]
[BlackElo "3046"]
[TimeControl "180+1"]
[EndTime "8:09:28 PDT"]
[Termination "amintabatabaei won by checkmate"]

1. e4 c6 2. d4 d5 3. Nc3 dxe4 4.
Nxe4 Nf6 5. Nxf6+ exf6 6. c3 Bd6 7.
Bd3 O-O 8. Ne2 Re8 9. O-O Qc7 10.
Ng3 Nd7 11. c4 Nf8 12. b3 Ng6 13. Re1 Be6 14. Bb2 Rad8 15. Qc2 Kh8 16. Bf5 Nf4 17. Bxe6 fxe6 18. Rad1 Qf7 19. Bc1 Ng6 20. Re2 Bc7 21. Bb2 Nf4 22. Ree1 h5 23. Bc1 h4 24. Bxf4 Bxf4 25.
Nf1 Qh5 26. Rd3 Qf5 27. Qe2 e5 28. Rh3 g5 29. Qh5+ Kg7 30. dxe5 Bxe5 31. Rhe3 Re7 32. Qe2 Red7 33. Rf3 Qg6 34. h3 Rd3 35. Re3 Qf5 36.
Rxd3 Qxd3 37. Qg4 Qd4 38. Qh5 Rh8 39. Qf3 Rd8 40. Ne3 Qf4 41. Nf5+ Kg6 42. Qxf4 Bxf4 43. Ne3 Rd2 44. Ng4 Rxa2 45. Kf1 Kf7 46. Rd1 Ke6 47.
Re1+ Be5 48. Rd1 Rb2 49. Rd8 Rxb3 50. Re8+ Kf7 51. Ra8 Ra3 52. Rd8 Ke7 53. Rh8 Rb3 54. Rh7+ Ke6 55. Ne3 a5 56. Rh8 a4 57. Ra8 a3 58.
Ke2 b5 59. cxb5 cxb5 60. Kf3 b4 61. Ke4 Rb1 62. Ra7 Kd6 63. Nc4+ Kc5 64. Ne3 Kb6 65. Ra8 Re1 66. Kd5 Kb7 67. Ra4 b3 68. Rxa3 b2 69.
Rb3+ Kc7 70. Nc4 b1=Q 71. Rxb1 Rxb1 72. Nxe5 fxe5 73. Kxe5 Rb2 74. Kf5 Rxf2+ 75. Kxg5 Rxg2+ 76. Kxh4 Kd6 77. Kh5 Ke5 78. h4 Kf6 79. Kh6 Kf7 80. h5 Ra2 81. Kh7 Ra7 82. h6 Kf6+ 83. Kg8 Kg6 84.
h7 Ra8# 0-1

[Event "Early-Titled-Tuesday-Blitz-September-12-2023"]
[Site "Chess.com"]
[Date "2023.09.12"]
[Round "1"]
[White "Bigfish1995"]
[Black "Lion-Al-Messi"]
[Result "0-1"]
[WhiteElo "3062"]
[BlackElo "2550"]
[TimeControl "180+1"]
[EndTime "8:09:36 PDT"]
[Termination "Lion-Al-Messi won on time"]

1. h3 d5 2. Nf3 c5 3. Nh2 Nc6 4. Nf3 e5 5. Ng1 e4 6. d3 f5 7. Bf4 Nf6 8. e3 d4 9. dxe4 fxe4 10. Bc4 Bf5 11. Nd2 Nd5 12. Ne2 dxe3 13. fxe3 Nxf4 14.
exf4 e3 15. Nf1 Qe7 16. Neg3 Rd8 17. Nxf5 Rxd1+ 18. Rxd1 Qf6 19. N5xe3 Qxf4 20. c3 Be7 21. Rd2 Bh4+ 22. Kd1 Rf8 23. Kc2 Ne5 24. Bd5 Bf2 25. Re2 Kd7 26. b3 Kc7 27. Bf3 Bxe3 28. Nxe3 Kb8 29.
Nd5 Qf5+ 30. Be4 Qh5 31. Rhe1 c4 32. Ne3 Nd3 33. Bxd3 cxd3+ 34. Kxd3 Qg6+ 35. Kd2 Rd8+ 36. Kc1 Qd3 37. Nd1 a5 38. Rc2 a4 39. bxa4 Qd6 40.
Nb2 Qa3 41. Kb1 Rd6 42. Nc4 Qc5 43. Nxd6 Qxd6 44. Re4 Qc6 45. Rb4 Ka7 46. Kb2 h5 47.
Rd2 g5 48. h4 g4 49. Re2 g3 50.
Rd2 Qf6 51. Rbd4 Qf5 52. Kc1 Qf1+ 53. Kc2 Qf5+ 54. Kd1 Qf1+ 55. Kc2 Qf5+ 56. Kb3 Qb1+ 57. Kc4 Qf1+ 58. Kb4 Qb1+ 59. Kc5 Qf5+ 60. Rd5 Qf4 61. R5d4 Qc7+ 62. Kb4 Qe5 63. a5 Qe7+ 64. Kc4 Qe6+ 65. Kd3 Qf5+ 66. Ke3 Qxa5 67. Kf3 Qxc3+ 68. R2d3 Qc7 69.
Ra4+ Kb8 70. Rf4 Qc2 71. Rf8+ Ka7 72. Ra3+ Kb6 73. Rb3+ Ka7 74. Rf7 Qc6+ 75. Ke3 Qe6+ 76. Kf3 Qxf7+ 77. Kxg3 Qg6+ 78. Kh2 Qg4 79. Ra3+ Kb8 80.
Rh3 Qa4 81. a3 Qc4 82. Kh1 Qf1+ 83. Kh2 Qf4+ 84. Kh1 Qc1+ 85. Kh2 b5 86. Rb3 Qc7+ 87. Kh1 Qc4 88. Rh3 Kb7 89. Kg1 Ka6 90. Kf2 Ka5 91.
Kg1 Qa2 92. Rf3 Ka4 93. Kh2 Qc4 94. Rh3 Qd4 95. Kh1 Qd1+ 96. Kh2 Qd6+ 97. Kh1 Qxa3 98. Rxa3+ Kxa3 99. g4 b4 100. gxh5 b3 101. h6 b2 102. h7 b1=Q+ 0-1

[Event "Early-Titled-Tuesday-Blitz-September-12-2023"]
[Site "Chess.com"]
[Date "2023.09.12"]
[Round "1"]
[White "Arifarsky"]
[Black "ProfessorChess101"]
[Result "0-1"]
[WhiteElo "2705"]
[BlackElo "2422"]
[TimeControl "180+1"]
[EndTime "8:09:53 PDT"]
[Termination "ProfessorChess101 won by resignation"]

1. Nf3 d5 2. d4 Nf6 3. c4 c6 4. Nc3 dxc4 5. a4 Bf5 6. e3 e6 7. Bxc4 Bb4 8. O-O O-O 9. Qe2 Ne4 10. Bd3 Bxc3 11. Bxe4 Bxb2 12. Qxb2 Bxe4 13. Nd2 Bd3 14.
Rd1 Ba6 15. Ne4 Nd7 16. Bd2 Qh4 17. Nd6 Nf6 18. Be1 Rad8 19. Qa3 Nd5 20. f3 Qg5 21. Bf2 Be2 22. f4 Qe7 23. Rd2 Ba6 24. Ne4 Qc7 25. Nc5 Nf6 26. Rc1 Qa5 27. Rb2 b6 28.
Be1 Qxe1+ 29. Rxe1 bxc5 30. Qxc5 Rc8 31. Qxa7 Bd3 32. Rd1 Be4 33. Rc1 Ra8 34. Qc7 Rxa4 35. Rb8 Ra8 36. Rxf8+ Rxf8 37. h3 Bd5 38. Qd6 Ne4 39.
Qb4 h5 40. Ra1 h4 41. Ra7 Ng3 42. Qe7 Nf5 43. Qg5 Nxe3 44. Qxh4 Nxg2 45. Qf2 Rb8 46. Ra5 Rb1+ 47. Kh2 Rb5 48. Ra8+ Kh7 49. Rd8 Kg6 50. Rxd5 Rxd5 51. Qxg2+ Kf6 52. Qe4 g6 53. Kg3 Ke7 54. Kf3 Kf6 55. Qd3 Ke7 56. Qc4 Kd6 57. Ke4 Rf5 58. Qb4+ Kd7 59. Qb7+ Kd6 60. Qc8 Ke7 61.
Qxc6 Kf6 62. Qd6 Kg7 63. Qe7 Rh5 64. h4 Rd5 65. Kd3 Rf5 66. Ke4 Rd5 67. Qb7 Rf5 68. Qa8 Rh5 69. Qd8 Rf5 70. Qc7 Rh5 71. Qe7 Rf5 72. Qb4 Rh5 73. Qe1 Rf5 74. Qa1 Rd5 75.
Qb2 Kf6 76. Qg2 Kg7 77. Qh2 Rh5 78. Qg3 Rd5 79. Kd3 Rf5 80. Kc4 Rd5 81. Qf3 Rh5 82. Qf2 Rd5 83. Qg1 Rh5 84. Qg3 Rf5 85. Qf3 Rh5 86.
Qxh5 gxh5 87. d5 exd5+ 88. Kxd5 Kf6 89. Ke4 Ke6 90. f5+ Kd6 91. Kd4 f6 92. Ke4 Kc5 93. Ke3 Kd5 0-1

[Event "Early-Titled-Tuesday-Blitz-September-12-2023"]
[Site "Chess.com"]
[Date "2023.09.12"]
[Round "1"]
[White "GlavkonVVS"]
[Black "F-Ghaith2021"]
[Result "1/2-1/2"]
[WhiteElo "2563"]
[BlackElo "2248"]
[TimeControl "180+1"]
[EndTime "8:09:59 PDT"]
[Termination "Game drawn by repetition"]

1. c4 Nf6 2. Nc3 e6 3. Nf3 d5 4.
d4 c5 5. e3 cxd4 6. exd4 dxc4 7. Bxc4 Be7 8. O-O O-O 9. Qe2 a6 10. Bg5 b5 11. Bb3 Bb7 12. Rad1 Kh8 13. Rfe1 h6 14.
Bh4 b4 15. Na4 Nd5 16. Bg3 Nd7 17. Ne5 Nxe5 18. Bxe5 Rc8 19. Qd2 Bg5 20. Qe2 Nf4 21. Bxf4 Bxf4 22. d5 exd5 23. Qf3 Qf6 24. Bxd5 Bxd5 25.
Rxd5 Rfe8 26. Red1 Re5 27. g3 Rxd5 28. Qxd5 Be5 29.
b3 Bc3 30. Qd7 Rf8 31. Qd6 Ra8 32. Qxf6 Bxf6 33. Nb6 Rb8 34. Nc4 Kg8 35. Rd6 Ra8 36. Kg2 a5 37. Rd5 a4 38. Nb6 axb3 39. axb3 Ra3 40.
Rd3 Bc3 41. Nd5 Rxb3 42. Nxb4 Rxb4 43. Rxc3 Rb6 44. h4 Kh7 45. g4 Rf6 46. Kg3 Re6 47. f4 g6 48. Rd3 Kg7 49. Kf3 Ra6 50. Kg3 Ra5 51. Rf3 Ra4 52. g5 h5 53. Rd3 Rb4 54. Kf3 Ra4 55. Ke3 Ra1 56. Kf3 Rg1 57. Rd2 Rh1 58. Kg3 Rg1+ 59. Kf3 Rf1+ 60. Kg3 Rg1+ 61. Rg2 Rc1 62. Rf2 Rc3+ 63. Rf3 Rc1 64. f5 Rg1+ 65. Kh2 Rd1 66. f6+ Kf8 67. Rc3 Ke8 68. Rc8+ Kd7 69. Rf8 Ke6 70. Re8+ Kf5 71. Re7 Kg4 72. Rxf7 Rd2+ 73. Kg1 Kxh4 74. Re7 Kg3 75.
Kf1 Rf2+ 76. Ke1 Rf5 77. f7 h4 78. Re3+ Kg2 79. Re2+ Kg1 80. Re4 h3 81. Rg4+ Kh2 82.
Ke2 Rxf7 83. Ke3 Rf5 84. Ke4 Kh1 85. Ke3 Kh2 86. Ke2 Kh1 87. Ke3 Rf8 88. Ke2 Ra8 89. Kf3 Ra3+ 90. Kf2 Ra2+ 91. Kf3 Rg2 92. Rh4 Kh2 93.
Kf4 Rg1 94. Rh6 Rf1+ 95. Ke5 Kg3 96. Rxg6 h2 97. Rh6 Re1+ 98. Kf6 Ra1 99. g6 Kg2 100.
Kf7 Ra7+ 101. Kf6 Ra6+ 102. Kf7 Kg1 103. Rxh2 Kxh2 104. g7 Ra7+ 105. Kf6 Ra6+ 106. Kf7 Ra7+ 107. Kf6 Ra6+ 108. Kf7 1/2-1/2

[Event "Early-Titled-Tuesday-Blitz-September-12-2023"]
[Site "Chess.com"]
[Date "2023.09.12"]
[Round "1"]
[White "tptagain"]
[Black "AleksanderHnydiuk"]
[Result "1-0"]
[WhiteElo "2937"]
[BlackElo "2511"]
[TimeControl "180+1"]
[EndTime "8:10:36 PDT"]
[Termination "tptagain won by resignation"]

1. Nf3 Nf6 2. b3 b6 3. Bb2 Bb7 4. g3 g6 5. Bg2 Bg7 6. O-O O-O 7. c4 d6 8. d4 Nbd7 9. Qc2 Be4 10. Qc1 Bb7 11.
Rd1 Qe8 12. Nc3 e5 13. Nb5 e4 14. Ng5 Qd8 15. Nc3 Bh6 16. h4 Re8 17. Qc2 Qe7 18. d5 e3 19. f4 Ng4 20. Bf3 Nf2 21. Rf1 Bg7 22. Nb5 Nf8 23. Bxg7 Kxg7 24. Qb2+ Kg8 25.
Nc3 f5 26. Kg2 h6 27. Nh3 Nxh3 28. Kxh3 g5 29. hxg5 hxg5 30. fxg5 Qxg5 31. Nb5 Re7 32. Kg2 Rg7 33. g4 Ng6 34. Qd4 Ne5 35. Rh1 Rf8 36. Raf1 a6 37. Nc3 fxg4 38. Be4 g3 39. Rxf8+ Kxf8 40.
Nd1 Rf7 41. Bf3 Nxf3 42. exf3 e2 43. Nc3 Qf5 44. Qe4 Qxe4 45. Nxe4 Ke7 46. Re1 c6 47.
dxc6 Bxc6 48. Rxe2 Kd7 49. Kxg3 b5 50. Rd2 Kc7 51. Nxd6 Rxf3+ 52. Kg4 Rf8 53. c5 Rg8+ 54. Kf4 b4 55. Rh2 Rf8+ 56. Ke5 Bd7 57. Kd5 Bc6+ 58. Kd4 Rf4+ 59. Ke5 Rf8 60. Rh7+ Kb8 61. Nc4 Bb5 62. Na5 Re8+ 63. Kd6 Rd8+ 64. Ke6 Rc8 65. Kd5 Rd8+ 66. Ke5 Re8+ 67. Kd4 Rd8+ 68. Ke3 Re8+ 69. Kf4 Rf8+ 70. Ke3 Re8+ 71. Kf3 Rf8+ 72. Kg3 Rc8 73. Rh5 Rg8+ 74. Kf4 Re8 75. c6 Kc7 76. Rh6 Rd8 77. Ke5 Re8+ 78.
Kd4 Rg8 79. Rh7+ Kc8 80. Nc4 Bxc6 81. Kc5 Bb5 82. Nd6+ Kb8 83. Nxb5 Rg5+ 84. Kb6 Rxb5+ 85. Kxa6 Rd5 86. Rh4 Rd6+ 87. Ka5 Rd7 88. Kxb4 Rb7+ 89. Kc3 Rc7+ 90. Rc4 Rd7 91. a4 Kb7 92. b4 Rf7 93. b5 Rf3+ 94. Kb4 Rf1 95. Rh4 Rb1+ 96. Ka5 Rc1 97.
Rh7+ Kb8 98. Ka6 Rc8 99. a5 Ka8 100. Kb6 Rb8+ 101. Kc6 Rc8+ 102. Rc7 Rd8 103. a6 Rh8 104. Rg7 Rh6+ 105. Kc5 Rh8 106. b6 Rh5+ 107. Kd4 Rh8 108. Ra7+ Kb8 109. Rd7 Rh4+ 110. Kc5 Rh5+ 111. Kc6 Rh6+ 112. Rd6 Rh8 113. Re6 Rc8+ 114. Kd7 Rg8 115. Re8+ 1-0

[Event "Early-Titled-Tuesday-Blitz-September-12-2023"]
[Site "Chess.com"]
[Date "2023.09.12"]
[Round "2"]
[White "gmcorrales"]
[Black "ural58"]
[Result "1-0"]
[WhiteElo "2855"]
[BlackElo "2560"]
[TimeControl "180+1"]
[EndTime "8:13:20 PDT"]
[Termination "gmcorrales won by resignation"]

1. d4 d5 2. c4 e5 3. dxe5 d4 4. Nf3 Nc6 5. a3 g6 6. b4 Bg7 7. Bb2 Nh6 8. Nxd4 Bxe5 9. e3 Nf5 10. Qe2 Qf6 11. Nc3 O-O 12. Nd5 Qh8 13.
Nxf5 Bxf5 14. Bxe5 Qxe5 15. Rd1 a5 16. b5 Ne7 17. f4 Qe4 18. Nf6+ 1-0

[Event "Early-Titled-Tuesday-Blitz-September-12-2023"]
[Site "Chess.com"]
[Date "2023.09.12"]
[Round "2"]
[White "Rosh1610"]
[Black "zano2023"]
[Result "0-1"]
[WhiteElo "2442"]
[BlackElo "2084"]
[TimeControl "180+1"]
[EndTime "8:13:27 PDT"]
[Termination "zano2023 won by resignation"]

1. e4 e5 2. Nf3 d6 3. d4 f5 4.
dxe5 fxe4 5. Ng5 d5 6. c4 Bb4+ 7. Bd2 e3 8. Bxb4 exf2+ 9. Kxf2 Qxg5 10. Qxd5 Nc6 11. Bc3 Nge7 12. Qe4 O-O+ 13. Ke1 Qc1+ 14. Ke2 Bf5 15. Qe3 Bg4+ 16. Kd3 Rad8+ 17. Ke4 Bf5+ 18. Kf3 Bxb1+ 0-1

[Event "Early-Titled-Tuesday-Blitz-September-12-2023"]
[Site "Chess.com"]
[Date "2023.09.12"]
[Round "2"]
[White "jcibarra"]
[Black "Aemulus20"]
[Result "1-0"]
[WhiteElo "2939"]
[BlackElo "2615"]
[TimeControl "180+1"]
[EndTime "8:13:42 PDT"]
[Termination "jcibarra won by resignation"]

1. e4 c5 2. Nf3 d6 3. c3 Nf6 4. h3 Nc6 5. Bd3 e5 6. Bc2 g6 7.
d4 exd4 8. cxd4 cxd4 9. Nxd4 Bg7 10.
O-O O-O 11. Nc3 d5 12. Nxc6 bxc6 13. Bg5 dxe4 14. Qxd8 Rxd8 15. Nxe4 Nxe4 16. Bxd8 Bf5 17. Ba5 Bxb2 18. Rab1 Bd4 19. g4 1-0

[Event "Early-Titled-Tuesday-Blitz-September-12-2023"]
[Site "Chess.com"]
[Date "2023.09.12"]
[Round "2"]
[White "Doomfist26"]
[Black "FabianoCaruana"]
[Result "0-1"]
[WhiteElo "2642"]
[BlackElo "3064"]
[TimeControl "180+1"]
[EndTime "8:13:59 PDT"]
[Termination "FabianoCaruana won by resignation"]

1. e4 e5 2. Nf3 Nc6 3. Bc4 Nf6 4. d3 Be7 5. c3 O-O 6. O-O d5 7. exd5 Nxd5 8. Re1 Bg4 9. Nbd2 Nb6 10. Qe2 Nxc4 11.
Nxc4 f6 12. b4 a6 13. a4 Re8 14. Rb1 Bf8 15. b5 axb5 16. axb5 Ne7 17. Ne3 Bh5 18. d4 e4 0-1

[Event "Early-Titled-Tuesday-Blitz-September-12-2023"]
[Site "Chess.com"]
[Date "2023.09.12"]
[Round "2"]
[White "Frolyanov_D"]
[Black "vi_pranav"]
[Result "1-0"]
[WhiteElo "2644"]
[BlackElo "2973"]
[TimeControl "180+1"]
[EndTime "8:14:08 PDT"]
[Termination "Frolyanov_D won by resignation"]

1. d4 Nf6 2. c4 e6 3. Nf3 d5 4.
g3 Bb4+ 5. Nbd2 O-O 6. Bg2 b6 7. O-O Bb7 8. Ne5 Nbd7 9. cxd5 exd5 10. a3 Bd6 11. Ndc4 Be7 12. Ne3 c6 13. Nf5 Re8 14.
Bg5 h6 15. Bxh6 gxh6 16. Nxh6+ Kg7 17. Nhxf7 Qc7 18. Qd2 Ng8 19. Qf4 Nxe5 20. Nxe5 Qc8 21. Qf7+ 1-0

[Event "Early-Titled-Tuesday-Blitz-September-12-2023"]
[Site "Chess.com"]
[Date "2023.09.12"]
[Round "2"]
[White "Cayse"]
[Black "Bastiandash"]
[Result "1-0"]
[WhiteElo "2862"]
[BlackElo "2562"]
[TimeControl "180+1"]
[EndTime "8:14:09 PDT"]
[Termination "Cayse won by resignation"]

1. e4 c5 2. Nf3 e6 3. d4 cxd4 4. Nxd4 a6 5. Be2 Nf6 6. Nc3 Qc7 7.
O-O b5 8. e5 b4 9. exf6 bxc3 10.
Bf3 d5 11. Re1 Bb7 12. Nxe6 fxe6 13. Rxe6+ Kd8 14. Bg5 Kc8 15. Bg4 1-0

[Event "Early-Titled-Tuesday-Blitz-September-12-2023"]
[Site "Chess.com"]
[Date "2023.09.12"]
[Round "2"]
[White "Abund"]
[Black "brunoo2003"]
[Result "1-0"]
[WhiteElo "2752"]
[BlackElo "2463"]
[TimeControl "180+1"]
[EndTime "8:14:13 PDT"]
[Termination "Abund won by resignation"]

1. e4 c5 2. Nf3 Nc6 3. Bb5 e6 4.
O-O Nge7 5. Re1 g6 6. c3 Bg7 7.
d4 cxd4 8. cxd4 d5 9. e5 a6 10. Bxc6+ Nxc6 11. Nc3 O-O 12. Bg5 Qb6 13. Qd2 Bd7 14.
Na4 Qb4 15. Qxb4 Nxb4 16. Nb6 Bc6 17. Nxa8 Nc2 18. Nb6 h6 19. Bd2 g5 20. h3 f6 21.
Rac1 Nxe1 22. Rxe1 fxe5 23. Nxe5 1-0

[Event "Early-Titled-Tuesday-Blitz-September-12-2023"]
[Site "Chess.com"]
[Date "2023.09.12"]
[Round "2"]
[White "MFatigue"]
[Black "nihalsarin"]
[Result "0-1"]
[WhiteElo "2549"]
[BlackElo "3108"]
[TimeControl "180+1"]
[EndTime "8:14:17 PDT"]
[Termination "nihalsarin won by resignation"]

1. e4 a6 2. g3 c6 3. Bg2 d5 4.
d3 Nf6 5. Nc3 d4 6. Nce2 e5 7. f4 c5 8. Nf3 Nc6 9. O-O Bd6 10. h3 h6 11. g4 exf4 12. Bxf4 O-O 13. Qd2 Bxf4 14. Qxf4 Re8 15. Ng3 Nd7 16. Nf5 Nde5 17.
Rae1 Nxf3+ 18. Rxf3 Ne5 19. Rg3 Qg5 20. Qf2 Bxf5 21.
gxf5 Qf6 22. Kh1 b5 23. Rg1 Kh8 24. Bf3 Rg8 25. Be2 Rad8 26. Qf4 c4 27. b3 cxd3 28. Bxd3 g5 29. Qf2 Kh7 30. Qd2 Rg7 31. Qb4 Qc6 32. Kh2 f6 33. h4 Qc3 34. Qxc3 dxc3 35. hxg5 Rxg5 36. Rxg5 hxg5 37. Rd1 b4 38. Kg3 Nxd3 39.
cxd3 c2 40. Rc1 Rxd3+ 41. Kf2 Rc3 42. Ke2 g4 43. Kd2 g3 44. a3 a5 45. axb4 axb4 0-1

[Event "Early-Titled-Tuesday-Blitz-September-12-2023"]
[Site "Chess.com"]
[Date "2023.09.12"]
[Round "2"]
[White "GaalZsoka"]
[Black "ChEsper99"]
[Result "1-0"]
[WhiteElo "2483"]
[BlackElo "2193"]
[TimeControl "180+1"]
[EndTime "8:14:19 PDT"]
[Termination "GaalZsoka won by resignation"]

1. Nf3 Nf6 2. g3 g6 3. b3 Bg7 4.
Bb2 d6 5. d4 c6 6. Bg2 O-O 7.
O-O Bf5 8. Nbd2 Ne4 9. Nh4 Nxd2 10. Qxd2 Bd7 11. e4 Qc7 12. Rad1 e6 13. Nf3 a5 14. c4 a4 15. b4 c5 16. dxc5 dxc5 17.
Bxg7 Kxg7 18. bxc5 Qxc5 19. Qb2+ Kg8 20. Qxb7 Qxc4 21.
Qxa8 1-0

[Event "Early-Titled-Tuesday-Blitz-September-12-2023"]
[Site "Chess.com"]
[Date "2023.09.12"]
[Round "2"]
[White "klauser63"]
[Black "Flaccidmoves"]
[Result "0-1"]
[WhiteElo "2201"]
[BlackElo "2484"]
[TimeControl "180+1"]
[EndTime "8:14:22 PDT"]
[Termination "Flaccidmoves won by checkmate"]

1. e4 g6 2. d4 Bg7 3. Nf3 d6 4. c4 Nc6 5. Nc3 Bg4 6. Be3 Bxf3 7. gxf3 e5 8. d5 Nd4 9. Be2 Nf6 10. Bxd4 exd4 11.
Qxd4 O-O 12. h4 Re8 13. Qd2 c6 14. O-O-O cxd5 15. Nxd5 Nxd5 16. Qxd5 Qb6 17. Qb5 Qxf2 18. Rhe1 Rac8 19. Kb1 Rc6 20. Qxb7 Rb6 21. Qd7 Rxb2+ 22. Kc1 Qe3+ 23. Rd2 Qxd2# 0-1

[Event "Early-Titled-Tuesday-Blitz-September-12-2023"]
[Site "Chess.com"]
[Date "2023.09.12"]
[Round "2"]
[White "Fandorine"]
[Black "Young_Catalan_Player09"]
[Result "1-0"]
[WhiteElo "2919"]
[BlackElo "2431"]
[TimeControl "180+1"]
[EndTime "8:14:26 PDT"]
[Termination "Fandorine won by resignation"]

1. d4 d5 2. Nf3 Nf6 3. c4 c6 4. g3 e6 5. Bg2 dxc4 6. O-O b5 7. Ne5 Bb7 8. b3 cxb3 9. Qxb3 Be7 10. Bb2 O-O 11. Rc1 a6 12. Nd2 Nfd7 13. Nd3 Qb6 14. a4 bxa4 15. Qxa4 c5 16. dxc5 Nxc5 17. Qd4 e5 18.
Qxe5 1-0